 Dungeon Crawl Stone Soup version 0.30.0 (webtiles) character file.

Game seed: 5890877669909160761

3 hohoho the Ruffian (level 1, 0/16 HPs)
             Began as a Draconian Transmuter on Aug 2, 2023.
             Slain by a jackal (1 damage)
             ... on level 1 of the Dungeon.
             The game lasted 00:05:10 (212 turns).

hohoho the Ruffian (Draconian Transmuter)            Turns: 212, Time: 00:05:11

Health: 0/16       AC:  4    Str: 12    XL:     1   Next: 41%
Magic:  0/3        EV: 12    Int: 13    God:
Gold:   18         SH:  0    Dex: 11    Spells: 3/4 levels left

rFire   . . .        d - +0 dagger
rCold   . . .        (no shield)
rNeg    . . .        (body armour unavailable)
rPois   .            (helmet restricted)
rElec   .            (no cloak)
rCorr   .            (no gloves)
SInv    .            (no boots)
Will    .....        b - amulet of guardian spirit
Stlth   +            (no ring)
HPRegen 0.22/turn    (no ring)
MPRegen 0.08/turn

%: guardian spirit
@: no status effects
A: AC +4, unfitting armour, cold-blooded
a: no special abilities


You were on level 1 of the Dungeon.
You visited 1 branch of the dungeon, and saw 1 of its levels.

You collected 18 gold pieces.

Inventory:

Hand Weapons
 d - a +0 dagger (weapon)
Jewellery
 b - an amulet of guardian spirit (around neck)
Scrolls
 f - a scroll of silence {unknown}
Potions
 a - a potion of lignification
 c - a potion of flight {unknown}
 e - a potion of resistance {unknown}
 g - a potion of curing {unknown}


   Skills:
 + Level 1.1 Fighting
 + Level 1.8 Dodging
 + Level 3.1 Unarmed Combat
 + Level 2.0 Spellcasting
 + Level 2.0 Transmutations


You had 3 spell levels left.
You knew the following spells:

 Your Spells              Type           Power      Damage    Failure   Level
a - Beastly Appendage     Tmut           12%        N/A       11%         1

Your spell library contained the following spells:

 Spells                   Type           Power      Damage    Failure   Level
 Wereblood                Tmut           6%         N/A       17%         2
 Spider Form              Tmut/Pois      3%         N/A       45%         3
 Ice Form                 Ice/Tmut       3%         N/A       86%         4


Dungeon Overview and Level Annotations

Branches:
Dungeon (1/15)

Altars:


Innate Abilities, Weirdness & Mutations

Your plain brown scales are hard. (AC +4)
You cannot fit into any form of body armour.
You are cold-blooded and may be slowed by cold attacks.


Message History

The jackal barely misses you. x2; The jackal completely misses you.
The jackal bites you. The jackal barely misses you.
You closely miss the jackal. The jackal closely misses you.
The jackal barely misses you. The frilled lizard closely misses you.
The jackal barely misses you.
You closely miss the jackal. The jackal bites you.
The jackal barely misses you. The jackal closely misses you.
The frilled lizard bites you but does no damage.
The jackal bites you. The jackal misses you.
You hit the jackal.
The jackal is almost dead.
The jackal misses you. The frilled lizard bites you. The jackal misses you.
The jackal closely misses you.
The jackal bites you but does no damage.
You closely miss the jackal.
The jackal is almost dead.
The jackal barely misses you.
The jackal bites you but does no damage.
The jackal bites you. The frilled lizard closely misses you.
You barely miss the jackal.
Your tail-slap misses the jackal.
The jackal is almost dead.
The jackal bites you. x2
* * * LOW HITPOINT WARNING * * *
The jackal bites you but does no damage.
The frilled lizard misses you. The jackal bites you.
* * * LOW HITPOINT WARNING * * *
The jackal closely misses you. The jackal misses you.
You hit the jackal but do no damage.
Your tail-slap misses the jackal.
The jackal bites you but does no damage.
The jackal barely misses you.
The jackal bites you but does no damage.
You hit the jackal.
The jackal is moderately wounded.
The jackal bites you.
The jackal bites you but does no damage. x2
The frilled lizard barely misses you. The frilled lizard closely misses you.
The jackal bites you.
* * * LOW HITPOINT WARNING * * *
The jackal bites you.
You die...

#.......###....
#.......# #....
#.......# #....
###.......#######
#................
#................
########................
.......ll..(............
......$@h...............
.......hh...........####
.........#####......#
.........# #......#
.........# #......#
.........# #......#
.........# #......#
.........# #?.....#
.......?.# #......#


You could see 3 jackals and 2 frilled lizards.

Vanquished Creatures
  A goblin (D:1)
  A quokka (D:1)
  A rat (D:1)
3 creatures vanquished.

Notes
Turn   | Place    | Note
-------+----------+-------------------------------------------
     0 | D:1      | hohoho the Draconian Transmuter began the quest for the
                  | Orb.
     0 | D:1      | Reached XP level 1. HP: 16/16 MP: 3/3
   212 | D:1      | Slain by a jackal

Illustrated notes

Levels and vault maps discovered:
D:1:      dpeg_arrival_pits, layout_basic, serial_shops, shop

Action                     || total
---------------------------++-------
  Melee: Unarmed           ||    17
         Dagger            ||    14
         Tailslap          ||     4
   Cast: Beastly Appendage ||     3
 Armour: Skin              ||    23
  Dodge: Dodged            ||    57
